 Dungeon Crawl Stone Soup version 0.29.0-4-gdea44cf6ec (webtiles) character file.

Game seed: 4223979745065656720

36 Zeldest the Ruffian (level 3, -1/36 HPs)
             Began as a Troll Fighter on Aug 27, 2022.
             Slain by a kobold
             ... wielding a +0 whip
              (4 damage)
             ... on level 3 of the Dungeon.
             The game lasted 00:01:05 (1353 turns).

Zeldest the Ruffian (Troll Fighter)                 Turns: 1353, Time: 00:01:06

Health: -1/36      AC:  4    Str: 26    XL:     3   Next: 19%
Magic:  2/2        EV:  8    Int:  4    God:
Gold:   85         SH:  0    Dex:  9    Spells: 2/2 levels left

rFire   . . .      SeeInvis .     - Unarmed
rCold   . . .      Faith    .   b - +0 kite shield
rNeg    . . .      Spirit   .   a - +0 robe
rPois   .          Reflect  .   (helmet restricted)
rElec   .          Harm     .   (no cloak)
rCorr   .          Rampage  .   (gloves unavailable)
Will    .....                   (boots unavailable)
Stlth   +.........              l - amulet of the acrobat
HPRegen 0.92/turn               (no ring)
MPRegen 0.08/turn               (no ring)

@: confused
A: large, unfitting armour, claws 3, regeneration 1, shaggy fur 1, tough skin 1
a: no special abilities


You were on level 3 of the Dungeon.
You visited 1 branch of the dungeon, and saw 3 of its levels.

You collected 85 gold pieces.

Inventory:

Armour
 a - a +0 robe (worn)
 b - a +0 kite shield (worn)
Jewellery
 l - an amulet of the acrobat (around neck)
Scrolls
 f - 3 scrolls of fear {unknown}
 h - 3 scrolls of identify {unknown}
 i - 2 scrolls of blinking {unknown}
 k - 2 scrolls of vulnerability {unknown}
 m - a scroll of amnesia {unknown}
Potions
 c - a potion of might
 d - a potion of heal wounds {unknown}
 e - a potion of brilliance {unknown}
 g - a potion of haste {unknown}
 j - a potion of lignification {unknown}


   Skills:
 + Level 2.7 Fighting
 + Level 1.0 Throwing
 - Level 2.4 Dodging
 - Level 2.6 Shields
 * Level 3.0 Unarmed Combat


You had 2 spell levels left.
You didn't know any spells.
Your spell library contained the following spells:

 Spells                   Type           Power      Damage    Failure   Level
 Gell's Gravitas          Tloc           0%         N/A       99%         3
 Ozocubu's Armour         Ice            0%         N/A       99%         3
 Teleport Other           Tloc           0%         N/A       99%         3
 Fulminant Prism          Conj/Hex       0%         3d6       100%        4
 Iskenderun's Mystic Bla  Conj/Tloc      0%         2d3       100%        4
 Lee's Rapid Deconstruct  Erth           0%         3d5*      100%        5
 Dispersal                Tloc           0%         N/A       100%        6
 Ozocubu's Refrigeration  Ice            0%         4d7       100%        7


Dungeon Overview and Level Annotations

Branches:
Dungeon (3/15)

Altars:
Kikubaaqudgha
Ru
Vehumet
Wu Jian


Innate Abilities, Weirdness & Mutations

You are too large for most types of armour.
You have claws for hands.
Your natural rate of healing is unusually fast.
You are covered in fur. (AC +1)
You have tough skin. (AC +1)


Message History

Something hits you but does no damage. Something hits you.
You bump into the rock wall.
Something hits you but does no damage.
You're too confused to move!
Something hits you.
You bump into the rock wall.
You bump into the rock wall.
Something hits you. The orc hits you with a +0 war axe.
You're too confused to move!
Something hits you. The orc completely misses you.
You bump into the rock wall.
Something hits you. The orc barely misses you.
You claw the orc!
You kill the orc!
Something hits you.
* * * LOW HITPOINT WARNING * * *
You bump into the rock wall.
Something hits you but does no damage. The kobold hits you with a +0 whip.
* * * LOW HITPOINT WARNING * * *
You're too confused to move!
Something hits you.
* * * LOW HITPOINT WARNING * * *
The kobold barely misses you.
You miss something.
You feel less confused. Something hits you but does no damage.
You block the kobold's attack.
You scratch something. Something hits you.
* * * LOW HITPOINT WARNING * * *
The kobold closely misses you.
You scratch something.
You hear some strange, mumbled words.
You are confused.
The kobold barely misses you.
You closely miss something. Something hits you.
* * * LOW HITPOINT WARNING * * *
The kobold hits you with a +0 whip.
* * * LOW HITPOINT WARNING * * *
You're too confused to move!
Something hits you.
* * * LOW HITPOINT WARNING * * *
The kobold hits you with a +0 whip.
* * * LOW HITPOINT WARNING * * *
You miss something. Something hits you but does no damage.
The kobold hits you with a +0 whip.
You die...

....#...<..#####.#####.
...#.###..#...........
..#. #..#.######.###
...###..#.# #.#
...##..#.######.###
#..##..#..<#.......
#..##..#####.##.###
#.#####{##..# #.##.#
#.....K@....# #.##.#
....#######..######.##.#
# #............#
#..#######.### #..# #.#
....# #.# ##...# #.#
....# #.##### ####.#
#.#....


You could see a kobold.

Vanquished Creatures
  3 orcs (D:3)
  An endoplasm (D:1)
  A giant cockroach (D:1)
  A goblin (D:1)
  3 hobgoblins (D:2)
  A quokka (D:1)
  5 ball pythons
  3 bats
  3 frilled lizards
  9 kobolds
  A rat (D:2)
31 creatures vanquished.

Notes
Turn   | Place    | Note
-------+----------+-------------------------------------------
     0 | D:1      | Zeldest the Troll Fighter began the quest for the Orb.
     0 | D:1      | Reached XP level 1. HP: 22/22 MP: 0/0
   422 | D:1      | Reached XP level 2. HP: 29/29 MP: 1/1
   540 | D:1      | Found a faded altar of an unknown god.
   993 | D:2      | Reached skill level 1 in Throwing
  1102 | D:3      | Reached XP level 3. HP: 36/36 MP: 2/2
  1123 | D:3      | Found a sacrificial altar of Ru.
  1137 | D:3      | Found an ancient bone altar of Kikubaaqudgha.
  1157 | D:3      | Reached skill level 3 in Unarmed Combat
  1160 | D:3      | Found a radiant altar of Vehumet.
  1163 | D:3      | Found an ornate altar of the Wu Jian Council.
  1353 | D:3      | Slain by a kobold

Illustrated notes

Levels and vault maps discovered:
D:1:      wander_arrival_lonely_grave, layout_loops_corners,
          basic_ecumenical_altar
D:2:      layout_rooms
D:3:      layout_basic, mainiacjoe_overflow_24_doors,
          grunt_temple_overflow_cloverleaf, ebering_dispersal_statue_hall

Skill      XL: |  1  2  3 |
---------------+----------+-----
Throwing       | 1 |  1.0
Unarmed Combat | 3 |  3.0
Fighting       | |  2.7
Dodging        | |  2.4
Shields        | |  2.6

Action                   || total
-------------------------++-------
Melee: Unarmed           ||    93
Armor: Robe              ||    36
Dodge: Dodged            ||    32
Block: Kite shield       ||    36
